 Dungeon Crawl Stone Soup version 0.19-b1-4-gd8a0a2a (webtiles) character file.

847 Grim the Grappler (level 7, -3/56 HPs)
             Began as a Minotaur Gladiator on Oct 30, 2016.
             Killed from afar by mishamorgan's ghost (24 damage)
             ... with a stone arrow
             ... on level 6 of the Dungeon.
             The game lasted 00:08:51 (4342 turns).

Grim the Grappler (Minotaur Gladiator)              Turns: 4342, Time: 00:08:52

Health: -3/56      AC: 10    Str: 19    XL:     7   Next: 68%
Magic:  6/6        EV:  8    Int:  5    God:
Gold:   304        SH:  0    Dex: 13    Spells: 0 memorised, 6 levels left

rFire  . . .     SeeInvis .       - Unarmed
rCold  . . .     Gourm    .     e - +0 chain mail
rNeg   . . .     Faith    .     (no shield)
rPois  .         Spirit   .     b - +0 hat
rElec  .         Reflect  .     r - +0 cloak
rCorr  .         Harm     .     s - +0 pair of gloves
MR     .....                    (no boots)
Stlth  ..........               (no amulet)
                                (no ring)
                                (no ring)

@: no status effects
A: retaliatory headbutt, horns 2
a: no special abilities


You were on level 6 of the Dungeon.
You were not hungry.

You visited 1 branch of the dungeon, and saw 6 of its levels.
You also visited: Sewer.

You collected 304 gold pieces.

Inventory:

Missiles
 c - 2 throwing nets (quivered)
Armour
 b - a +0 hat (worn)
 e - a +0 chain mail (worn)
 r - a +0 cloak (worn)
 s - a +0 pair of gloves (worn)
Jewellery
 v - a +3 ring of strength {unknown}
Wands
 o - a wand of slowing (20/48)
 C - a wand of teleportation (3/9)
Scrolls
 f - 6 scrolls of identify {unknown}
 h - 3 scrolls of enchant weapon {unknown}
 l - 5 scrolls of remove curse {unknown}
 p - a scroll of recharging {unknown}
 t - 2 scrolls of random uselessness {unknown}
 u - a scroll of enchant armour {unknown}
 y - a scroll of fear {unknown}
 z - a scroll of magic mapping {unknown}
 B - a scroll of fog {unknown}
 D - a scroll of blinking {unknown}
Potions
 a - 3 potions of degeneration {unknown}
 g - a potion of cancellation {unknown}
 i - 5 potions of curing {unknown}
 j - 2 potions of haste {unknown}
 m - 3 potions of flight {unknown}
 q - a potion of lignification {unknown}
 w - 2 potions of heal wounds {unknown}
 x - a potion of might {unknown}
 A - a potion of magic {unknown}
Comestibles
 d - 6 bread rations
 k - 3 meat rations
 n - a beef jerky


   Skills:
 * Level 2.7 Fighting
 - Level 2.0 Throwing
 - Level 3.2 Dodging
 + Level 10.0 Unarmed Combat


You had 6 spell levels left.
You didn't know any spells.

Dungeon Overview and Level Annotations

Branches:
Dungeon (6/15)
 Temple: D:4-7

Altars:
Fedhas
Qazlal
Vehumet
Yredelemnul

Annotations:
D:6 mishamorgan's ghost, novice GrEE


Innate Abilities, Weirdness & Mutations

You reflexively headbutt those who attack you in melee.
You have a pair of horns on your head.


Message History

There is a stone staircase leading up here.
Mishamorgan's ghost points at you and mumbles some strange words.
The stone arrow hits you!
Sorry, you're not good enough to have a special ability.
You barely miss mishamorgan's ghost.
Your headbutt misses mishamorgan's ghost.
Mishamorgan's ghost hits you.
The centaur skeleton hits you but does no damage.
You closely miss mishamorgan's ghost.
Your headbutt misses mishamorgan's ghost.
Mishamorgan's ghost hits you but does no damage.
The centaur skeleton hits you.
You closely miss mishamorgan's ghost. Mishamorgan's ghost hits you.
The centaur skeleton hits you.
You punch mishamorgan's ghost!
Mishamorgan's ghost is lightly damaged.
The centaur skeleton hits you.
Mishamorgan's ghost gestures at you while chanting.
The stone arrow hits you!
You die...

.... ###..#
#....#####
#........#
##........#
#####.........#
........Z.....#
#$...<@W....#
...>..........#
#.............#
##.............#
#.#............
# #..........#.
#.....##.....
###.... .##..


You could see mishamorgan's ghost and a centaur skeleton.

Vanquished Creatures
  Sigmund (D:2)
  A human (D:4)
  A crimson imp (D:5)
  A centaur zombie (D:5)
  A bullfrog skeleton (D:5)
  2 jellies (D:5)
  3 iguanas
  Natasha (thrice) (D:2)
  A worker ant (D:5)
  A hound skeleton (D:5)
  4 gnolls (D:3)
  7 adders
  An ooze (D:2)
  An adder zombie (D:5)
  2 dart slugs (D:1)
  2 leopard geckos
  5 orcs (D:4)
  3 ball pythons
  5 giant cockroaches
  7 hobgoblins
  12 jackals
  6 quokkas
  A ball python skeleton (D:4)
  5 bats
  9 frilled lizards
  5 goblins
  8 kobolds
  A quokka skeleton (D:4)
  A quokka zombie (D:5)
  12 rats
  2 plants (Sewer)
114 creatures vanquished.

Vanquished Creatures (others)
  An iguana (D:6)
1 creature vanquished.

Grand Total: 115 creatures vanquished

Notes
Turn   | Place    | Note
-------+----------+-------------------------------------------
     0 | D:1      | Grim the Minotaur Gladiator began the quest for the Orb.
     0 | D:1      | Reached XP level 1. HP: 18/18 MP: 0/0
   193 | D:1      | Reached XP level 2. HP: 25/25 MP: 1/1
   198 | D:1      | Reached skill level 4 in Unarmed Combat
   633 | D:2      | Reached XP level 3. HP: 30/30 MP: 2/2
   692 | D:2      | Noticed Sigmund
   710 | D:2      | Killed Sigmund
   710 | D:2      | Reached skill level 6 in Unarmed Combat
   710 | D:2      | Reached XP level 4. HP: 35/37 MP: 3/3
   710 | D:2      | Reached XP level 5. HP: 39/42 MP: 4/4
   735 | D:2      | Noticed Natasha
   745 | D:2      | Killed Natasha
   745 | D:2      | Reached skill level 7 in Unarmed Combat
   934 | D:2      | Noticed Natasha
   941 | D:2      | Killed Natasha
  1236 | D:2      | Noticed Natasha
  1244 | D:2      | Killed Natasha
  1244 | D:2      | Reached XP level 6. HP: 50/50 MP: 5/5
  1903 | D:3      | Found a blossoming altar of Fedhas.
  1903 | D:3      | Found a radiant altar of Vehumet.
  2110 | D:4      | Reached skill level 8 in Unarmed Combat
  2286 | D:4      | Found a runed door.
  2286 | D:4      | Noticed a human
  2289 | D:4      | Found a basalt altar of Yredelemnul.
  2311 | D:4      | Killed a human
  2311 | D:4      | Reached XP level 7. HP: 50/56 MP: 6/6
  2653 | D:4      | Reached skill level 9 in Unarmed Combat
  2842 | D:4      | Found a stormy altar of Qazlal.
  2842 | D:4      | Noticed an air elemental
  2843 | D:4      | Noticed a fire elemental
  2843 | D:4      | Noticed a water elemental
  3003 | D:5      | Entered Level 5 of the Dungeon
  3323 | D:5      | Found a glowing drain.
  3373 | Sewer    | Entered a sewer
  4031 | D:5      | Reached skill level 10 in Unarmed Combat
  4335 | D:6      | Noticed mishamorgan's ghost (novice GrEE)
  4342 | D:6      | Killed from afar by mishamorgan's ghost

Skill      XL: |  1  2  3  4  5  6  7 |
---------------+----------------------+-----
Unarmed Combat | 4 6 7 8 10 | 10.0
Fighting       | |  2.7
Throwing       | |  2.0
Dodging        | |  3.2

Action                   |  1- 3 |  4- 6 |  7- 9 || total
-------------------------+-------+-------+-------++-------
Melee: Unarmed           |    68 |   115 |   154 ||   337
       Headbutt          |    11 |    20 |    34 ||    65
       Punch             |     2 |     4 |     1 ||     7
Throw: Throwing net      |     1 |     3 |       ||     4
  Eat: Chunk             |       |     4 |     5 ||     9
       Bread ration      |       |       |     1 ||     1
Armor: Chain mail        |    22 |    52 |    40 ||   114
Dodge: Dodged            |    30 |    43 |    45 ||   118
